 Dungeon Crawl Stone Soup version bcrawl-1.37.2 (webtiles) character file.

Game seed: 5619708003072683457

110221 Rider the Sneak (level 3, 0/26 HPs)
             Began as a Formicid Archaeologist on Jan 23, 2023.
             Slain by a worm (7 damage)
             ... on level 2 of the Dungeon.
             The game lasted 00:05:43 (1109 turns).

Rider the Sneak (Formicid Archaeologist)            Turns: 1109, Time: 00:05:44

Health: 0/26       AC:  8    Str: 16    XL:     3   Next: 47%
Magic:  3/3        EV: 11    Int: 13    God:
Gold:   94         SH:  0    Dex:  9    Spells: 2/2 levels left

rFire    + . .     GDR:     21% l - -1 mace (curse)
rCold    + . .     SeeInvis +   (no shield)
rNeg     . . .     Gourm    .   q - +0 ring mail (curse)
rPois    .         Faith    .   (helmet unavailable)
rElec    .         Spirit   .   j - scarf {rC+ rF+}
rCorr    .         Reflect  .   o - +0 pair of gloves
MR       .....                  d - +1 pair of boots
Stlth    ++........             (no amulet)
HPRegen  0.14/turn              (no ring)
MPRegen  0.08/turn              (no ring)

@: no status effects
A: permanent stasis, dig shafts and tunnels, four strong arms, antennae 3
a: Dig, Shaft Self


You were on level 2 of the Dungeon.
You were hungry.

You visited 1 branch of the dungeon, and saw 2 of its levels.

You collected 94 gold pieces.

Inventory:

Hand Weapons
 a - a +0 whip
 b - a +0 blowgun
 l - a cursed -1 mace (weapon)
 n - a cursed -1 whip
Missiles
 h - 6 curare-tipped needles
Armour
 c - a +1 robe
 d - a +1 pair of boots (worn)
 j - a scarf of resistance (worn)
 o - a +0 pair of gloves (worn)
 q - a cursed +0 ring mail (worn)
 t - a +0 troll leather armour
Scrolls
 f - 2 scrolls of magic mapping
 i - a scroll of fear {unknown}
 p - a scroll of enchant weapon
Potions
 k - a potion of might
 m - a potion of lignification
 r - a potion of brilliance {unknown}
 s - 2 potions of curing
 u - a potion of flight {unknown}
Miscellaneous
 g - a dusty tome
Comestibles
 e - 2 rations {!d}


   Skills:
 + Level 1.5 Fighting
 + Level 1.9 Maces & Flails
 * Level 0.4 Armour
 - Level 3.0 Dodging
 + Level 4.4 Stealth


You had 2 spell levels left.
You didn't know any spells.
Your spell library was empty.

Dungeon Overview and Level Annotations

Branches:
Dungeon (2/12)

Altars:
Xom

Annotations:
D:2 Terence


Innate Abilities, Weirdness & Mutations

You cannot be hasted, slowed, berserked, paralysed or teleported.
You can dig through walls and to a lower floor.
Your four strong arms can wield two-handed weapons with a shield.
You have a pair of large antennae on your head. (SInv)


Message History

The worm is moderately wounded.
You barely miss the worm.
The worm is moderately wounded.
The worm barely misses you.
You hit the worm.
The worm is moderately wounded.
The worm bites you.
You barely miss the worm.
The worm is moderately wounded.
The worm bites you.
You hit the worm.
The worm is moderately wounded.
You barely miss the worm.
The worm is moderately wounded.
The worm bites you.
* * * LOW HITPOINT WARNING * * *
You hit the worm but do no damage.
The worm is moderately wounded.
The worm bites you!
You die...

#.# #.# #####..
#...... #.##### #.#
###########>#
#.######...........#
.......@.########..#
........w.<.# #..#
............# #..#
..#.###.###.# #..# .
# #.# .# #..# #.. #
##.# ### #.# #.#
#.......


You could see a worm.

Vanquished Creatures
  An ooze (D:1)
  A dart slug (D:1)
  A leopard gecko (D:2)
  3 bats (D:1)
  A giant cockroach (D:1)
  2 goblins
  3 hobgoblins
  3 jackals (D:2)
  A ball python (D:1)
  A frilled lizard (D:1)
  3 kobolds (D:1)
  4 rats
24 creatures vanquished.

Notes
Turn   | Place    | Note
-------+----------+-------------------------------------------
     0 | D:1      | Rider the Formicid Archaeologist began the quest for the
                  | Orb.
     0 | D:1      | Reached XP level 1. HP: 15/15 MP: 1/1
    83 | D:1      | Reached XP level 2. HP: 20/21 MP: 2/2
   302 | D:1      | Found a shimmering altar of Xom.
   710 | D:1      | Reached XP level 3. HP: 26/26 MP: 3/3
  1082 | D:2      | Noticed Terence
  1109 | D:2      | Slain by a worm

Skill      XL: |  1 |
---------------+----+-----
Dodging        | 3 |  3.0
Fighting       | |  1.5
Maces & Flails | |  1.9
Armour         | |  0.4
Stealth        | |  4.4

Action                   || total
-------------------------++-------
Melee: Whip              ||    22
       Mace              ||    81
  Use: Scroll            ||     4
 Stab: Sleeping          ||     1
  Eat: Chunk             ||     3
Armor: Robe              ||    28
       Ring mail         ||    26
Dodge: Dodged            ||    95
